Map: Forgotten Sanctuary

Players

A.I. 7 (Hard)

  • Race: Zerg Zerg
  • Spawn Location: 12:00

A.I. 6 (Hard)

  • Race: Zerg Zerg
  • Spawn Location: 12:00

A.I. 5 (Harder)

  • Race: Zerg Zerg
  • Spawn Location: 9:00

A.I. 4 (Harder)

  • Race: Protoss Protoss
  • Spawn Location: 9:00

Farkwad - Winner!

  • Race: Zerg Zerg
  • Spawn Location: 3:00

TNF - Winner!

  • Race: Protoss Protoss
  • Spawn Location: 6:00

Raynar - Winner!

  • Race: Protoss Protoss
  • Spawn Location: 6:00

Throwfordays - Winner!

  • Race: Zerg Zerg
  • League: Silver
  • Spawn Location: 3:00

VOD

Have the link to the VOD?

Description

Time

  • Played on: April 25, 2019, 10:09 p.m.
  • Length: 16:05
Show
View Real Time Build Order
Export as new Build Order

A.I. 7 (Hard) Zerg 

Build Orders: 1 Base Baneling Bust, Pool First 

Get SALT Encoding   

  12  0:01  Drone  
  13  0:12  Overlord  
  13  0:17  Drone  
  14  0:30  Drone  
  14  0:31  Drone  
  16  0:44  Spawning Pool  
  16  0:45  Drone  
  16  0:50  Drone  
  16  0:53  Extractor  
  16  0:55  Drone  
  17  1:05  Overlord  
  17  1:31  Zergling x2, Queen  
  20  1:33  Zergling x2  
  20  1:37  Roach Warren  
  20  1:38  Drone  
  21  1:49  Drone  
  22  2:02  Drone  
  23  2:10  Overlord  
  23  2:21  Drone  
  24  2:29  Extractor  
  23  2:32  Roach  
  25  2:38  Drone, Roach  
  25  2:39  Baneling Nest  
  25  2:40  Roach  
  25  2:43  Overlord  
  29  2:54  Drone  
  29  2:57  Evolution Chamber  
  29  3:04  Drone  
  30  3:10  Drone, Roach  
  30  3:12  Drone  
  34  3:16  Drone  
  35  3:27  Roach  
  37  3:38  Drone  
  38  3:42  Drone  
  38  3:43  Drone, Overlord  
  40  4:01  Lair, Zerg Melee Weapons Level 1  
  39  4:41  Zergling x2  
  39  4:49  Spore Crawler  
  39  4:50  Drone  
  39  4:52  Spore Crawler  
  36  4:53  Drone  
  37  5:02  Hydralisk Den  
  37  5:03  Burrow, Drone  
  37  5:17  Spine Crawler  
  37  5:18  Drone  
  37  5:29  Spine Crawler  
  37  5:30  Drone  
  37  5:32  Hydralisk  
  31  5:43  Roach  
  33  5:53  Roach  
  33  5:55  Zerg Ground Armor Level 1  
  35  5:58  Overseer  
  35  6:03  Roach  
  37  6:04  Evolution Chamber  
  37  6:08  Overseer  
  36  6:12  Hydralisk  
  36  6:13  Queen, Hatchery  
  36  6:15  Drone  
  40  6:23  Hydralisk  
  42  6:30  Zerg Missile Weapons Level 1, Infestation Pit, Drone  
  42  6:34  Ravager, Roach  
  45  6:50  Ravager, Roach  
  45  6:51  Overlord  
  48  7:16  Spire  
  47  7:26  Queen, Drone  
  47  7:27  Drone  
  47  7:29  Drone  
  52  7:30  Drone  
  52  7:32  Drone  
  52  7:33  Drone  
  52  7:34  Extractor  
  52  7:35  Drone  
  52  7:36  Spore Crawler  
  52  7:37  Drone  
  55  7:38  Drone  
  55  7:40  Spore Crawler  
  55  7:41  Drone  
  55  7:43  Extractor  
  55  7:47  Spore Crawler  
  55  7:49  Infestor  
  56  7:54  Roach  
  56  8:05  Zergling x2  
  54  8:13  Roach x2  
  54  8:14  Hive  
  54  8:28  Corruptor  
  45  8:54  Hydralisk  
  49  9:02  Roach  
  49  9:10  Roach  
  49  9:12  Pneumatized Carapace  
  51  9:18  Hydralisk  
  53  9:24  Overseer  
  53  9:26  Roach  
  53  9:28  Greater Spire  
  55  9:32  Overlord  
  55  9:34  Roach  
  57  9:42  Roach  
  59  9:50  Hydralisk  
  61  9:58  Hydralisk  
  63  10:05  Drone  
  63  10:06  Overlord  
  64  10:07  Infestor  
  66  10:15  Drone  
  66  10:18  Drone  
  66  10:21  Drone  
  69  10:24  Drone  
  69  10:26  Viper  
  73  10:30  Overlord  
  73  10:33  Drone  
  74  10:36  Drone  
  74  10:38  Drone  
  74  10:42  Drone  
  77  10:45  Drone  
  77  10:48  Drone  
  79  10:53  Overlord  
  79  10:56  Zergling x2  
  61  11:05  Roach  
  56  11:13  Roach  
  58  11:21  Roach  
  60  11:29  Roach  
  60  11:30  Hatchery  
  61  11:36  Hydralisk  
  63  11:44  Hydralisk  
  65  11:50  Roach  
  65  11:51  Drone  
  65  11:53  Roach  
  65  11:54  Drone  
  66  11:59  Roach  
  61  12:01  Hydralisk  
  61  12:04  Hydralisk  
  61  12:08  Infestor  
  67  12:12  Zergling x2  
  67  12:15  Swarm Host  
  69  12:18  Roach  
  69  12:22  Roach  
  73  12:24  Corruptor  
  73  12:28  Roach  
  77  12:30  Overlord  
  77  12:31  Roach  
  77  12:34  Roach  
  81  12:37  Roach  
  81  12:41  Roach  
  77  12:44  Roach  
  77  12:46  Drone  
  77  12:47  Roach  
  77  12:50  Drone, Hydralisk  
  77  12:52  Drone  
  59  13:06  Queen, Drone  
  59  13:12  Drone  
  61  13:16  Drone  
  61  13:18  Drone  
  54  13:32  Drone  
  55  13:35  Drone  
  56  13:42  Drone  
  56  13:46  Hatchery  
  56  13:48  Drone  
  57  13:52  Drone  
  58  13:57  Drone  
  58  14:00  Drone  
  60  14:04  Drone  
  60  14:08  Drone  
  57  14:10  Drone  
  57  14:11  Zergling x2  
  57  14:12  Drone  
  57  14:14  Hydralisk  
  36  14:17  Infestor  
  36  14:21  Roach  
  36  14:22  Queen  
  36  14:23  Swarm Host  
  40  14:29  Roach  
  40  14:30  Drone  
  40  14:32  Roach  
  40  14:34  Drone  
  40  14:36  Drone  
  41  14:39  Hydralisk  
  41  14:42  Hydralisk  
  43  14:48  Hydralisk  
  39  14:53  Zergling x2  
  39  14:56  Zergling x2  
  39  15:01  Roach  
  39  15:03  Mutalisk  
  18  15:24  Drone  
  18  15:28  Drone x2  
  10  15:36  Drone  
  8  15:44  Drone x2  
  8  15:46  Drone  
Show
View Real Time Build Order
Export as new Build Order

A.I. 6 (Hard) Zerg 

Build Orders: 1 Base Baneling Bust, Pool First 

Get SALT Encoding   

  12  0:01  Drone  
  13  0:12  Overlord  
  13  0:17  Drone  
  14  0:30  Drone  
  14  0:31  Drone  
  16  0:44  Spawning Pool  
  16  0:45  Drone  
  16  0:49  Drone  
  17  0:53  Extractor  
  17  0:55  Drone  
  17  1:05  Overlord  
  17  1:31  Zergling x2, Queen  
  20  1:37  Roach Warren  
  20  1:38  Drone  
  20  1:43  Extractor  
  20  1:44  Zergling x2  
  20  1:49  Drone  
  21  1:59  Drone  
  22  2:11  Overlord  
  22  2:21  Drone  
  23  2:32  Roach  
  25  2:38  Drone  
  25  2:40  Overlord  
  26  2:45  Roach  
  28  2:56  Drone  
  29  2:59  Roach  
  29  3:05  Drone  
  32  3:09  Drone  
  32  3:10  Overlord  
  32  3:12  Ravager x2  
  35  3:13  Roach  
  37  3:25  Drone  
  39  3:27  Ravager  
  39  3:28  Roach  
  41  3:38  Drone  
  42  3:41  Roach, Overlord  
  42  3:42  Drone  
  45  3:50  Baneling Nest  
  45  3:52  Drone  
  45  3:59  Evolution Chamber  
  45  4:00  Roach  
  46  4:11  Drone  
  46  4:14  Roach  
  49  6:07  Lair  
  49  6:08  Zerg Melee Weapons Level 1  
  49  6:10  Evolution Chamber, Overlord  
  48  6:13  Spore Crawler  
  48  6:14  Hatchery, Drone  
  48  6:16  Drone  
  48  6:19  Spore Crawler, Drone  
  48  6:32  Zergling x2  
  47  6:36  Zerg Ground Armor Level 1  
  39  6:45  Spine Crawler, Roach  
  34  6:47  Drone  
  34  6:50  Spine Crawler  
  34  6:51  Drone  
  30  6:56  Roach  
  32  7:05  Burrow  
  32  7:06  Overseer x2  
  32  7:07  Roach  
  32  7:08  Hydralisk Den  
  33  7:11  Infestation Pit  
  33  7:13  Drone  
  33  7:17  Roach  
  35  7:26  Queen  
  35  7:27  Drone  
  35  7:28  Ravager, Drone  
  35  7:29  Ravager  
  41  7:30  Drone  
  41  7:32  Ravager  
  41  7:33  Drone, Roach  
  41  7:34  Extractor, Drone  
  46  7:38  Drone  
  46  7:40  Drone  
  46  7:41  Spore Crawler  
  46  7:42  Extractor  
  46  7:43  Drone, Hydralisk  
  49  7:46  Drone  
  49  7:50  Drone  
  51  7:53  Drone  
  51  7:55  Roach  
  51  7:57  Drone  
  56  7:58  Drone  
  56  8:01  Queen, Drone  
  56  8:02  Zerg Missile Weapons Level 1  
  56  8:04  Drone  
  60  8:09  Drone  
  60  8:12  Drone  
  62  8:19  Drone  
  63  8:22  Drone  
  64  8:27  Drone, Roach  
  64  8:29  Overlord  
  64  8:32  Drone  
  68  8:34  Drone  
  68  8:36  Drone  
  68  8:38  Hydralisk  
  68  8:39  Drone  
  73  8:45  Drone  
  64  8:50  Zergling x2  
  57  9:01  Roach  
  59  9:09  Spore Crawler  
  58  9:11  Drone  
  58  9:12  Roach  
  61  9:19  Spire  
  61  9:21  Drone  
  61  9:23  Roach  
  63  9:34  Ravager x2, Spine Crawler, Hydralisk  
  63  9:35  Overlord  
  63  9:36  Drone  
  67  9:38  Spine Crawler  
  67  9:39  Drone  
  67  9:45  Hydralisk  
  69  9:56  Hydralisk  
  71  10:08  Roach  
  73  10:18  Roach  
  75  10:29  Ravager  
  75  10:30  Roach  
  80  10:35  Roach  
  80  10:36  Pneumatized Carapace  
  80  10:38  Overseer, Overlord  
  80  10:40  Zerg Melee Weapons Level 2, Roach  
  80  10:41  Zerg Ground Armor Level 2  
  82  10:45  Roach  
  82  10:49  Roach  
  85  10:50  Glial Reconstitution  
  85  10:54  Roach  
  73  10:58  Roach  
  73  11:00  Overseer, Overlord  
  73  11:02  Hatchery, Hydralisk  
  69  11:07  Zergling x2  
  70  11:11  Hydralisk  
  70  11:16  Roach  
  74  11:21  Roach  
  74  11:25  Hydralisk  
  78  11:27  Zerg Flyer Weapons Level 1  
  78  11:29  Hydralisk  
  80  11:34  Hydralisk  
  80  11:38  Roach  
  80  11:39  Hydralisk  
  84  11:44  Infestor  
  84  11:46  Roach  
  86  11:48  Overseer  
  86  11:49  Overlord  
  86  11:51  Roach  
  78  11:56  Roach  
  78  11:59  Overseer  
  78  12:01  Roach  
  73  12:05  Roach  
  71  12:11  Zergling x2, Overlord  
  70  12:17  Drone, Roach  
  70  12:19  Drone  
  70  12:21  Drone  
  70  12:22  Roach  
  75  12:23  Drone  
  75  12:25  Drone  
  75  12:26  Roach  
  75  12:27  Drone  
  75  12:29  Drone  
  81  12:31  Roach  
  81  12:32  Drone  
  81  12:33  Overlord  
  81  12:35  Drone, Roach  
  81  12:36  Roach  
  87  12:37  Drone  
  87  12:39  Hydralisk  
  87  12:41  Drone  
  87  12:43  Drone  
  92  12:45  Hydralisk  
  92  12:47  Extractor, Drone  
  92  12:51  Roach  
  81  12:55  Hydralisk  
  79  13:00  Roach  
  79  13:05  Zergling x2  
  82  13:10  Drone, Roach  
  82  13:12  Drone  
  86  13:14  Roach  
  86  13:15  Drone  
  86  13:17  Zerg Missile Weapons Level 2  
  86  13:18  Roach  
  89  13:22  Zerg Flyer Armor Level 1  
  89  13:23  Roach  
  89  13:26  Hydralisk  
  89  13:27  Spore Crawler  
  89  13:28  Drone  
  89  13:30  Spore Crawler  
  89  13:31  Hydralisk  
  89  13:32  Drone  
  89  13:33  Queen  
  95  13:35  Hydralisk  
  95  13:37  Queen  
  95  13:40  Infestor, Overlord  
  101  13:44  Pathogen Glands  
  101  13:49  Queen  
  101  13:54  Drone, Spine Crawler  
  102  13:56  Drone  
  102  14:00  Spine Crawler  
  102  14:01  Drone, Mutalisk  
  105  14:07  Mutalisk  
  104  14:12  Overlord, Hive  
  104  14:13  Mutalisk  
  106  14:19  Corruptor  
  106  14:25  Mutalisk  
  106  14:30  Overlord  
  107  14:31  Mutalisk  
  107  14:37  Mutalisk  
  105  14:40  Overseer  
  105  14:43  Corruptor  
  105  14:44  Overseer  
  84  14:47  Zergling x2  
  84  14:51  Hydralisk  
  71  14:55  Zergling x2  
  71  14:59  Roach  
  68  15:02  Hydralisk  
  68  15:06  Zergling x2  
  65  15:10  Roach  
  65  15:13  Hydralisk  
  69  15:17  Zergling x2  
  69  15:18  Overlord  
  69  15:21  Roach  
  65  15:24  Zergling x2  
  65  15:25  Viper  
  65  15:27  Drone  
  65  15:28  Roach  
  67  15:33  Mutalisk  
  45  15:39  Hatchery  
  28  15:48  Drone x2  
  28  15:49  Drone  
  17  15:51  Drone  
  17  15:52  Drone  
Show
View Real Time Build Order
Export as new Build Order

A.I. 5 (Harder) Zerg 

Build Orders: 1 Base Baneling Bust, Pool First 

Get SALT Encoding   

  12  0:01  Drone  
  13  0:12  Overlord  
  13  0:17  Drone  
  14  0:30  Drone x2  
  16  0:42  Spawning Pool  
  16  0:45  Drone  
  16  0:49  Drone  
  17  0:52  Extractor  
  17  0:55  Drone  
  17  1:06  Overlord  
  17  1:30  Queen  
  17  1:31  Zergling x2  
  20  1:37  Roach Warren  
  20  1:38  Drone  
  20  1:42  Extractor  
  20  1:44  Zergling x2  
  20  1:49  Drone  
  21  1:59  Drone  
  22  2:10  Lair  
  22  2:12  Drone  
  23  2:26  Drone  
  24  2:33  Overlord  
  24  3:11  Hydralisk Den  
  24  3:12  Drone  
  24  3:39  Hydralisk  
  26  3:42  Lurker Den, Drone  
  26  3:44  Overlord  
  26  3:52  Hydralisk  
  28  4:02  Drone x2  
  30  4:03  Drone, Overlord  
  30  4:08  Hydralisk  
  33  4:12  Drone  
  33  4:13  Drone  
  33  4:15  Drone  
  36  4:21  Hydralisk  
  38  4:29  Evolution Chamber  
  37  4:32  Drone, Baneling Nest  
  37  4:41  Hydralisk  
  37  4:44  Drone  
  40  4:55  Hydralisk  
  42  5:08  Overlord, Lurker x2, Hydralisk  
  46  5:21  Hydralisk  
  47  5:34  Zergling x2  
  48  6:00  Zerg Melee Weapons Level 1, Overlord, Roach  
  50  6:06  Roach  
  50  6:08  Hatchery  
  51  6:11  Roach  
  51  6:17  Zergling x2  
  54  6:20  Infestation Pit  
  54  6:21  Drone  
  54  6:23  Zergling x2  
  55  6:29  Zergling x2  
  55  6:35  Zergling x2  
  55  6:41  Zergling x2  
  56  6:52  Metabolic Boost  
  50  6:57  Infestor  
  46  7:03  Hydralisk  
  48  7:11  Hydralisk  
  50  7:22  Drone x3  
  53  7:23  Drone x2  
  53  7:24  Drone x2  
  53  7:29  Extractor  
  56  7:31  Extractor, Drone  
  56  7:33  Drone  
  57  7:42  Drone  
  57  7:44  Drone  
  59  7:49  Burrow  
  59  7:52  Drone  
  59  7:55  Zerg Ground Armor Level 1, Drone x3  
  59  7:56  Drone  
  64  8:03  Drone  
  65  8:06  Drone  
  66  8:13  Overlord  
  66  8:17  Drone  
  67  8:24  Drone  
  68  8:27  Drone, Roach  
  68  8:32  Drone, Overlord  
  72  8:35  Roach  
  72  8:40  Drone  
  75  8:43  Overseer  
  75  8:45  Hydralisk  
  75  8:47  Spore Crawler  
  75  8:48  Overseer  
  76  8:50  Spore Crawler, Drone  
  76  8:54  Spore Crawler  
  75  8:56  Drone  
  75  8:57  Infestor  
  75  8:58  Overlord  
  75  8:59  Drone  
  75  9:00  Spore Crawler  
  75  9:02  Drone  
  79  9:07  Infestor  
  79  9:08  Queen  
  83  9:14  Roach  
  85  9:18  Spine Crawler  
  85  9:19  Hydralisk  
  85  9:21  Queen  
  85  9:23  Spine Crawler  
  87  9:25  Drone  
  87  9:30  Spine Crawler  
  87  9:33  Drone  
  87  9:34  Spine Crawler  
  87  9:35  Drone  
  88  9:46  Spire  
  88  9:47  Drone  
  88  9:49  Zerg Missile Weapons Level 1  
  88  9:50  Evolution Chamber  
  88  9:51  Drone  
  88  10:07  Pneumatized Carapace  
  88  10:08  Overlord  
  88  10:10  Overseer  
  88  10:14  Overseer  
  88  10:20  Hydralisk  
  89  10:26  Hydralisk  
  89  10:27  Overlord  
  79  10:32  Zergling x2  
  59  10:40  Roach  
  59  10:41  Hatchery  
  60  10:44  Hydralisk  
  59  10:51  Roach  
  59  10:55  Hydralisk  
  59  10:56  Hydralisk  
  60  11:01  Zergling x2  
  59  11:04  Queen  
  59  11:06  Hydralisk  
  59  11:07  Roach  
  61  11:11  Hydralisk  
  61  11:15  Zergling x4  
  61  11:17  Zergling x2  
  64  11:19  Zergling x2  
  64  11:20  Zergling x2  
  64  11:22  Zergling x2  
  64  11:25  Mutalisk  
  64  11:26  Drone x3  
  64  11:27  Queen, Drone x2  
  64  11:28  Mutalisk  
  60  11:33  Mutalisk  
  60  11:36  Zergling x2  
  60  11:38  Overseer  
  60  11:39  Drone  
  57  11:40  Drone x3  
  57  11:41  Hydralisk  
  57  11:44  Zergling x2  
  57  11:46  Zergling x2  
  50  11:49  Drone x3  
  50  11:50  Zergling x2  
  50  11:51  Zergling x2, Drone x2  
  50  11:52  Zergling x2  
  48  11:55  Drone  
  48  11:57  Hydralisk  
  48  11:59  Drone x2  
  48  12:01  Drone  
  44  12:02  Drone x2  
  29  12:09  Drone  
  29  12:15  Drone  
  22  12:20  Drone x2  
  19  12:28  Drone x3  
  17  12:30  Drone  
  15  12:39  Drone  
  12  12:48  Drone  
  12  12:53  Spawning Pool  
  12  12:56  Drone  
  11  13:01  Drone  
  9  13:26  Drone  
  6  13:28  Drone  
  6  13:29  Drone  
  6  13:33  Drone x2  
  6  13:34  Drone  
  6  13:54  Drone  
  4  14:01  Spawning Pool  
  4  14:02  Drone  
  3  14:04  Drone x2  
  2  14:31  Drone  
  2  14:36  Drone  
  3  14:38  Drone  
  3  14:45  Drone  
Show
View Real Time Build Order
Export as new Build Order

A.I. 4 (Harder) Protoss 

Build Orders:  

Get SALT Encoding   

  12  0:01  Probe  
  13  0:13  Probe  
  14  0:21  Pylon  
  14  0:25  Probe  
  15  0:35  Probe  
  16  0:43  Probe  
  16  0:49  Assimilator  
  17  0:52  Gateway, Probe  
  18  1:00  Probe  
  18  1:03  Pylon  
  19  1:22  Probe  
  20  1:40  Zealot  
  20  1:43  Cybernetics Core  
  20  1:44  Gateway  
  22  1:48  Assimilator  
  22  1:58  Zealot  
  22  2:03  Pylon  
  24  2:19  Warp Gate  
  24  2:25  Zealot  
  26  2:31  Stalker  
  28  2:47  Pylon  
  28  2:52  Stalker  
  30  3:01  Stalker, Probe  
  33  3:09  Probe  
  33  3:18  Probe  
  34  3:22  Zealot  
  34  3:23  Forge  
  37  3:29  Probe  
  37  3:31  Adept  
  40  3:35  Pylon  
  40  3:41  Probe  
  41  3:48  Zealot  
  41  3:53  Probe  
  44  4:29  Protoss Ground Weapons Level 1, Sentry  
  46  4:33  Gateway  
  46  4:36  Sentry  
  46  4:38  Pylon  
  48  4:50  Stalker  
  50  4:59  Sentry  
  52  5:03  Pylon  
  52  5:13  Stalker  
  54  5:16  Robotics Facility  
  54  5:21  Adept  
  56  5:26  Photon Cannon  
  56  5:28  Sentry  
  58  5:35  Stalker  
  60  5:36  Photon Cannon  
  60  5:42  Stalker  
  62  6:03  Observer  
  62  6:04  Twilight Council  
  63  6:14  Forge  
  63  6:15  Nexus  
  63  6:25  Protoss Ground Armor Level 1  
  63  6:30  Observer  
  63  6:31  Blink  
  64  6:40  Pylon  
  64  7:06  Stargate  
  64  7:28  Probe x2  
  66  7:35  Assimilator  
  66  7:37  Pylon  
  66  7:39  Pylon  
  66  7:40  Assimilator, Probe  
  66  7:42  Probe  
  68  7:52  Probe  
  68  7:54  Probe  
  70  8:00  Photon Cannon  
  70  8:03  Photon Cannon  
  70  8:04  Probe  
  71  8:06  Probe  
  71  8:11  Observer  
  72  8:16  Probe  
  72  8:17  Gateway  
  72  8:19  Stalker x2  
  73  8:21  Adept, Stargate  
  75  8:27  Adept  
  75  8:30  Robotics Facility  
  77  8:41  Void Ray  
  49  9:02  Nexus  
  45  9:07  Zealot  
  47  9:13  Stalker  
  49  9:25  Gateway  
  49  9:34  Stargate  
  49  9:35  Zealot  
  51  9:40  Adept  
  51  9:45  Adept  
  55  9:51  Stalker  
  57  10:00  Warp Prism  
  57  10:01  Warp Prism  
  61  10:27  Warp Prism  
  61  10:32  Zealot  
  63  10:38  Observer, Zealot  
  68  10:44  Adept  
  68  10:49  Zealot  
  64  10:54  Stalker  
  56  11:00  Stalker  
  52  11:06  Stalker  
  50  11:11  Stalker  
  50  11:22  Stalker  
  48  11:28  Stalker  
  48  11:31  Stalker  
  50  11:34  Stalker  
  50  11:37  Stalker  
  40  11:55  Stalker  
  31  12:26  Probe  
  31  12:34  Probe  
  11  13:52  Probe  
Show
View Real Time Build Order
Export as new Build Order

Farkwad Zerg - Winner!

Build Orders: Pool First 

Get SALT Encoding   

  12  0:07  Drone  
  12  0:08  Drone  
  14  0:19  Overlord  
  14  0:28  Extractor  
  14  0:35  Drone  
  14  0:52  Spawning Pool  
  14  0:56  Drone  
  14  0:57  Drone  
  15  0:58  Drone  
  16  1:10  Drone  
  17  1:24  Overlord  
  17  1:44  Hatchery  
  16  1:49  Spine Crawler  
  15  1:58  Spine Crawler  
  15  2:00  Drone x3  
  17  2:17  Spine Crawler  
  16  2:23  Queen  
  18  2:35  Metabolic Boost  
  18  2:40  Zergling x2  
  18  2:41  Zergling x2  
  18  2:43  Zergling x2  
  21  2:51  Extractor  
  20  2:57  Spine Crawler  
  19  3:23  Drone  
  19  3:24  Drone x2  
  22  3:30  Queen  
  24  3:37  Lair  
  24  3:42  Drone  
  25  3:55  Drone x3  
  28  4:31  Spine Crawler  
  27  4:36  Spine Crawler  
  26  4:50  Spine Crawler  
  25  5:01  Zergling x8  
  25  5:02  Zergling x4  
  31  5:26  Drone x3  
  34  5:33  Baneling Nest  
  24  6:44  Queen  
  26  6:51  Zergling x2  
  26  6:52  Zergling x6  
  26  6:53  Zergling x4  
  32  7:11  Drone x2  
  32  7:12  Drone x2  
  36  7:17  Extractor  
  36  7:21  Overlord x2  
  35  7:39  Queen  
  37  7:48  Lair  
  37  8:09  Overseer  
  37  8:15  Overseer  
  31  9:04  Zergling x10  
  31  9:05  Zergling x2  
  37  9:12  Overseer  
  37  9:35  Drone x2  
  39  9:44  Queen  
  41  9:48  Overlord x3  
  41  9:52  Zergling x4  
  43  9:53  Zergling x4  
  43  9:54  Overlord x2  
  45  10:01  Spore Crawler  
  45  10:06  Spore Crawler  
  43  10:20  Queen  
  45  10:26  Baneling  
  45  10:27  Baneling x4  
  45  10:28  Baneling x2  
  45  10:37  Centrifical Hooks  
  45  10:52  Zergling x2  
  45  10:53  Zergling x4  
  45  10:54  Zergling x2  
  45  10:55  Drone x2  
  51  11:31  Spore Crawler  
  50  11:35  Spore Crawler  
  49  11:52  Spire  
  48  12:00  Baneling x4  
  48  12:01  Baneling  
  48  12:02  Baneling x3  
  48  12:13  Burrow  
  48  12:17  Pneumatized Carapace  
  48  12:30  Drone  
  48  12:31  Drone x2  
  48  12:32  Drone  
  52  12:45  Spore Crawler  
  51  12:57  Spore Crawler  
  50  13:07  Spore Crawler  
  50  13:10  Spore Crawler  
  48  13:16  Spore Crawler  
  47  13:46  Infestation Pit  
  46  14:02  Corruptor x3  
  48  14:05  Corruptor  
  48  14:06  Corruptor x4  
  48  14:07  Corruptor x4  
  70  14:36  Extractor  
  69  14:43  Drone x2  
  69  14:44  Drone x2  
  73  14:46  Overlord x2  
  73  15:37  Spire  
  73  15:41  Drone  
  73  15:42  Drone x2  
Show
View Real Time Build Order
Export as new Build Order

TNF Protoss - Winner!

Build Orders:  

Get SALT Encoding   

  12  0:02  Probe  
  13  0:14  Probe  
  14  0:26  Probe  
  15  0:33  Pylon  
  15  0:37  Assimilator  
  15  0:44  Assimilator  
  15  0:51  Probe  
  16  1:01  Forge  
  16  1:06  Gateway  
  16  1:17  Gateway  
  16  1:20  Probe  
  17  1:32  Probe  
  18  1:45  Probe  
  19  1:57  Probe  
  20  2:09  Probe  
  20  2:10  Pylon  
  21  2:21  Probe  
  22  2:23  Nexus  
  22  2:38  Photon Cannon  
  22  2:41  Photon Cannon  
  22  2:52  Photon Cannon  
  22  3:02  Photon Cannon  
  22  3:05  Zealot  
  22  3:11  Zealot  
  26  3:25  Assimilator  
  26  3:30  Assimilator  
  26  3:36  Probe  
  27  3:48  Probe  
  27  3:53  Cybernetics Core  
  28  4:00  Probe  
  28  4:02  Photon Cannon  
  29  4:12  Probe  
  30  4:24  Probe  
  31  4:31  Stalker  
  31  4:35  Stalker  
  31  5:02  Sentry  
  31  5:05  Sentry  
  35  5:28  Zealot  
  37  5:31  Zealot  
  39  5:55  Adept  
  39  5:56  Probe  
  42  5:58  Adept  
  44  6:08  Probe  
  45  6:21  Probe  
  45  6:22  Pylon  
  45  6:33  Probe  
  45  6:35  Zealot, Stalker  
  44  6:45  Probe  
  39  6:57  Probe  
  39  6:58  Photon Cannon  
  40  7:02  Shield Battery, Zealot  
  40  7:05  Stalker  
  40  7:08  Shield Battery  
  44  7:09  Probe  
  44  7:10  Photon Cannon  
  44  7:11  Photon Cannon  
  45  7:16  Photon Cannon  
  45  7:29  Nexus  
  45  7:33  Assimilator  
  45  7:38  Assimilator  
  45  7:43  Pylon  
  45  7:44  Pylon  
  45  7:47  Pylon  
  45  7:50  Pylon  
  45  8:01  Stalker, Zealot  
  49  8:07  Stargate  
  49  8:09  Stargate  
  49  8:14  Twilight Council  
  49  8:19  Protoss Shields Level 1  
  49  8:20  Robotics Facility  
  49  8:31  Zealot  
  49  8:32  Zealot  
  53  8:38  Protoss Air Weapons Level 1  
  53  8:58  Sentry  
  53  9:00  Sentry  
  57  9:24  Stalker  
  57  9:26  Stalker  
  61  9:39  Void Ray  
  61  9:42  Void Ray  
  69  9:49  Fleet Beacon  
  69  9:54  Adept  
  69  9:55  Immortal  
  69  9:56  Adept  
  77  10:15  Probe  
  78  10:24  Void Ray, Zealot  
  78  10:26  Zealot  
  78  10:27  Probe  
  78  10:28  Protoss Ground Armor Level 1  
  83  10:39  Probe  
  84  10:46  Protoss Air Armor Level 1  
  84  10:51  Probe  
  84  10:52  Sentry  
  84  10:53  Zealot  
  85  11:03  Probe  
  86  11:18  Stalker  
  88  11:20  Sentry  
  90  11:38  Pylon  
  90  11:41  Pylon  
  90  11:43  Pylon  
  90  11:45  Pylon  
  90  11:46  Stalker  
  92  11:49  Adept  
  92  11:56  Tempest x2  
  95  12:26  Probe  
  95  12:32  Tempest  
  95  12:34  Tempest  
  95  12:36  Protoss Ground Weapons Level 1  
  95  12:38  Probe  
  99  12:50  Probe  
  105  12:58  Protoss Air Weapons Level 2  
  105  13:02  Probe  
  106  13:14  Probe  
  106  13:15  Tempest  
  106  13:17  Tempest  
  122  14:19  Tempest  
Show
View Real Time Build Order
Export as new Build Order

Raynar Protoss - Winner!

Build Orders: 1 Gate Expand 

Get SALT Encoding   

  1  0:00  Probe  
  12  0:07  Probe  
  14  0:16  Probe  
  15  0:22  Pylon  
  15  0:40  Gateway, Probe  
  16  0:51  Assimilator  
  16  0:52  Probe  
  17  1:04  Probe  
  18  1:16  Probe  
  19  1:25  Nexus  
  19  1:28  Probe  
  20  1:34  Zealot  
  20  1:37  Probe  
  23  1:55  Pylon x2  
  23  2:08  Forge  
  23  2:13  Probe  
  24  2:22  Probe  
  25  2:30  Probe  
  25  2:31  Assimilator  
  25  2:35  Probe  
  26  2:39  Probe  
  26  2:43  Probe  
  28  2:51  Protoss Ground Weapons Level 1  
  29  2:52  Probe x2  
  31  3:04  Probe  
  31  3:05  Probe  
  33  3:16  Probe  
  33  3:17  Probe  
  35  3:21  Cybernetics Core  
  35  3:26  Gateway  
  35  3:28  Probe  
  35  3:29  Probe  
  37  3:36  Pylon  
  37  3:38  Probe  
  37  3:39  Pylon, Warp Gate  
  37  3:40  Probe  
  39  3:47  Probe  
  39  3:51  Pylon  
  39  3:52  Pylon  
  39  3:55  Assimilator, Probe  
  40  4:00  Assimilator  
  41  4:07  Probe  
  42  4:19  Probe  
  42  4:22  Gateway  
  43  4:25  Stalker x2  
  47  4:36  Probe x2  
  48  4:44  Probe  
  49  4:48  Probe  
  51  4:53  Probe  
  51  4:57  Protoss Shields Level 1  
  52  5:00  Probe  
  52  5:01  Zealot x2  
  52  5:03  Nexus  
  52  5:05  Probe  
  58  5:12  Probe  
  59  5:15  Pylon  
  59  5:16  Pylon  
  59  5:18  Probe  
  60  5:23  Pylon  
  60  5:24  Probe  
  59  5:42  Zealot x3  
  65  5:55  Pylon  
  65  5:57  Pylon  
  65  6:00  Gateway  
  65  6:02  Pylon  
  65  6:06  Pylon  
  65  6:08  Probe  
  65  6:16  Probe  
  67  6:25  Probe x2  
  69  6:33  Probe  
  69  6:34  Probe  
  69  6:38  Probe  
  72  6:41  Probe  
  72  6:43  Twilight Council, Probe  
  72  6:45  Robotics Facility  
  74  6:48  Robotics Facility  
  74  6:50  Probe  
  74  6:51  Gateway  
  74  6:52  Gateway  
  75  6:55  Sentry, Probe  
  75  6:56  Sentry, Stalker  
  75  6:57  Stalker  
  84  7:02  Protoss Ground Armor Level 1  
  84  7:03  Probe  
  85  7:11  Probe  
  85  7:12  Assimilator  
  86  7:16  Assimilator, Blink  
  86  7:22  Probe  
  86  7:23  Adept  
  86  7:24  Adept x3  
  95  7:34  Probe  
  96  7:40  Immortal x2  
  104  7:46  Probe  
  105  7:51  Pylon  
  105  7:53  Pylon  
  105  7:56  Robotics Bay  
  105  8:02  Zealot x4  
  105  8:03  Zealot x2  
  117  8:19  Warp Prism x2  
  121  8:24  Zealot x3  
  121  8:25  Zealot x2  
  121  8:26  Zealot  
  123  8:49  Extended Thermal Lance  
  123  8:53  Protoss Ground Weapons Level 2  
  119  9:11  Colossus x2  
  119  9:12  Charge  
  131  9:26  Zealot x3  
  131  9:28  Stalker  
  131  9:29  Stalker  
  131  9:30  Sentry  
  143  9:32  Probe  
  144  9:40  Probe  
  145  9:48  Probe  
  146  9:57  Probe  
  146  10:05  Immortal x2  
  155  10:09  Probe  
  156  10:21  Probe  
  157  10:42  Resonating Glaives  
  155  10:52  Zealot x5  
  155  10:53  Zealot  
  157  11:07  Protoss Shields Level 2  
  151  11:16  Stalker x4  
  151  11:17  Zealot  
  151  11:18  Zealot  
  161  11:22  Colossus  
  161  11:23  Colossus  
  159  11:40  Adept x4  
  159  11:41  Adept x2  
  163  12:07  Zealot x5  
  163  12:08  Zealot  
  167  12:17  Immortal  
  167  12:19  Gateway  
  167  12:21  Gateway  
  171  12:24  Gateway  
  171  12:26  Immortal  
  171  12:28  Pylon x2  
  173  12:30  Gravitic Boosters  
  173  12:31  Pylon  
  173  12:33  Pylon  
  171  12:39  Zealot  
  171  12:40  Zealot  
  171  12:41  Zealot  
  173  12:52  Zealot  
  173  12:54  Zealot x2  
  179  13:06  Observer  
  179  13:07  Observer  
  175  13:15  Zealot x5  
  175  13:16  Zealot  
  185  13:27  Observer, Gravitic Drive  
  186  13:44  Stalker  
  186  13:45  Stalker x2  
  186  13:46  Sentry x4  
  188  14:21  Adept x2  
  188  14:22  Adept x4  
  186  14:58  Zealot  
  186  14:59  Zealot x4  
  188  15:00  Zealot x4  
  187  15:48  Zealot  
  187  15:49  Zealot x3  
  195  15:50  Stalker x2  
Show
View Real Time Build Order
Export as new Build Order

Throwfordays Zerg - Winner!

Build Orders: Hatch First, Swarm Host 

Get SALT Encoding   

  12  0:01  Drone  
  13  0:13  Overlord  
  13  0:18  Drone  
  14  0:32  Drone x2  
  16  0:54  Hatchery  
  16  0:55  Drone  
  16  1:01  Drone  
  17  1:12  Spawning Pool  
  17  1:16  Drone  
  17  1:19  Extractor  
  17  1:21  Drone  
  17  1:27  Extractor  
  17  1:28  Drone  
  17  1:33  Overlord  
  17  1:43  Drone  
  18  1:50  Drone  
  19  2:06  Hatchery  
  19  2:07  Drone  
  20  2:15  Drone  
  20  2:21  Queen  
  22  2:26  Drone  
  22  2:29  Drone  
  24  2:35  Drone  
  25  2:37  Drone  
  25  2:40  Drone  
  27  2:45  Overlord  
  27  2:50  Drone  
  28  2:54  Drone  
  29  3:05  Queen  
  29  3:09  Drone x2  
  33  3:14  Evolution Chamber  
  33  3:17  Queen  
  33  3:19  Drone  
  35  3:23  Drone  
  35  3:24  Drone  
  35  3:26  Drone  
  38  3:31  Overlord  
  38  3:36  Overlord  
  38  3:39  Drone  
  39  3:44  Drone  
  39  3:47  Drone  
  41  3:53  Drone x3  
  44  4:00  Spine Crawler  
  44  4:01  Drone x2, Spine Crawler  
  44  4:07  Drone  
  44  4:08  Drone  
  46  4:11  Drone x2  
  48  4:21  Zergling x2  
  48  4:22  Zergling x6  
  48  4:24  Zergling x2  
  50  4:36  Zergling x4  
  50  4:37  Zergling x4  
  54  4:44  Zergling x4  
  52  4:49  Spine Crawler  
  53  4:53  Zergling x2  
  50  5:11  Spine Crawler  
  50  5:12  Spine Crawler  
  45  5:14  Spine Crawler  
  45  5:17  Spine Crawler  
  41  5:21  Zergling x4  
  41  5:22  Zergling x8  
  41  5:27  Zergling x6  
  50  6:14  Drone x3  
  50  6:16  Hatchery, Zerg Missile Weapons Level 1  
  52  6:22  Overlord  
  52  6:25  Drone x3  
  54  6:26  Drone  
  51  7:15  Hatchery  
  50  7:34  Roach Warren  
  49  7:37  Baneling Nest  
  49  7:41  Extractor, Drone x3  
  49  7:42  Drone x2  
  52  7:47  Extractor, Lair  
  51  7:59  Spore Crawler  
  51  8:15  Roach x8  
  51  8:18  Overlord x2  
  51  8:19  Overlord  
  66  8:38  Metabolic Boost  
  65  9:01  Zerg Ground Armor Level 1  
  65  9:08  Roach x5  
  75  9:12  Hatchery  
  75  9:14  Drone x3  
  75  9:16  Drone x2  
  75  9:17  Drone  
  80  9:31  Extractor  
  79  9:32  Glial Reconstitution  
  79  9:33  Evolution Chamber  
  78  9:41  Nydus Network  
  78  9:43  Overseer  
  77  9:54  Roach x2  
  77  9:55  Roach  
  77  9:59  Extractor  
  82  10:03  Overlord x6  
  82  10:06  Overlord x3  
  82  10:14  Zerg Missile Weapons Level 2  
  82  10:25  Infestation Pit  
  81  10:41  Drone x2  
  83  10:51  Drone x4  
  71  11:04  Roach x2  
  71  11:09  Roach x4  
  71  11:10  Roach x2  
  87  11:18  Queen  
  89  11:26  Tunneling Claws  
  89  11:29  Drone  
  90  11:58  Drone x2  
  90  11:59  Drone  
  93  12:04  Drone  
  93  12:05  Drone x2  
  96  12:12  Swarm Host x3  
  105  12:19  Nydus Canal  
  105  12:50  Swarm Host  
  105  12:51  Swarm Host x4  
  108  12:55  Swarm Host x6  
  138  13:07  Hive  
  138  13:08  Zerg Ground Armor Level 2  
  104  13:39  Swarm Host x5  
  119  13:42  Swarm Host  
  119  13:43  Swarm Host x2  
  128  13:56  Spine Crawler  
  128  13:59  Spine Crawler  
  126  14:21  Nydus Canal  
  126  14:53  Nydus Canal  
Tags
 
Add a new tag
Caveats
  • Supply blocks, unpowered buildings, or Contaminate may cause inaccurate times.
  • Supply counts are checked every 10 seconds.